 Dungeon Crawl Stone Soup version 0.29.0-15-g675c0067aa (webtiles) character file.

Game seed: 9096180791953200863

1311 qw the Cleaver (level 8, -1/51 HPs)
             Began as a Gargoyle Fighter on Sept 12, 2022.
             Was an Initiate of Okawaru.
             Slain by a hornet (4 damage)
             ... on level 6 of the Dungeon.
             The game lasted 00:02:12 (6169 turns).

qw the Cleaver (Gargoyle Fighter)                   Turns: 6169, Time: 00:02:12

Health: -1/51      AC: 16    Str: 23    XL:     8   Next: 58%
Magic:  8/8        EV:  7    Int:  8    God:    Okawaru [......]
Gold:   262        SH:  4    Dex:  9    Spells: 7/7 levels left

rFire   . . .      SeeInvis .   Y - +2 war axe
rCold   + . .      Faith    .   c - +0 buckler
rNeg    + . .      Spirit   .   m - +0 chain mail
rPois   inf        Reflect  .   l - +0 helmet
rElec   +          Harm     .   (no cloak)
rCorr   .          Rampage  .   (no gloves)
Will    .....                   (no boots)
Stlth   ..........              (no amulet)
HPRegen 0.17/turn               e - ring of protection from cold
MPRegen 0.11/turn               (no ring)

@: no status effects
A: sickness immunity, AC +5, negative energy resistance 1, electricity
resistance, torment resistance 1, petrification resistance
a: Renounce Religion


You were on level 6 of the Dungeon.
You worshipped Okawaru.
Okawaru was noncommittal.
You visited 2 branches of the dungeon, and saw 7 of its levels.

You collected 262 gold pieces.


Innate Abilities, Weirdness & Mutations

You are immune to sickness and miasma.
Your stone body is resilient. (AC +5)
You are immune to poison.
You resist negative energy. (rN+)
You are resistant to electric shocks. (rElec)
You are resistant to unholy torment.
You are immune to petrification.


   Skills:
 - Level 6.2 Fighting
 - Level 8.0 Axes
 + Level 3.6 Armour
 - Level 1.2 Dodging
 - Level 3.2 Shields


You had 7 spell levels left.
You didn't know any spells.
Your spell library was empty.

Inventory:

Hand Weapons
 t - a +0 flail
 Y - a +2 war axe (weapon)
Armour
 c - a +0 buckler (worn)
 l - a +0 helmet (worn)
 m - a +0 chain mail (worn)
 v - the +1 leather armour of Happiness {Rampage rCorr}
   (You found it on level 4 of the Dungeon)

   rCorr:     It protects you from acid and corrosion.
   Rampage:   It bestows one free step when moving towards enemies.
Jewellery
 e - a ring of protection from cold (left hand)
Scrolls
 a - a scroll of identify
 o - a scroll of blinking
 q - 3 scrolls of teleportation
Potions
 b - a potion of magic
 d - a potion of might
 g - 6 potions of curing
 h - 2 potions of flight {unknown}
 i - 2 potions of attraction
 j - a potion of mutation {unknown}
 k - a potion of resistance {unknown}
 n - a potion of berserk rage {unknown}
 r - a potion of heal wounds {unknown}
 s - a potion of haste {unknown}
 u - a potion of cancellation {unknown}
 w - a potion of lignification

Dungeon Overview and Level Annotations

Branches:
Dungeon (6/15)             Temple (1/1) D:5

Altars:
Ashenzari
Cheibriados
Dithmenos
Elyvilon
Fedhas
Gozag
Hepliaklqana
Makhleb
Okawaru
Qazlal
Sif Muna
Uskayaw
Vehumet
Wu Jian
The Shining One
Lugonu

Annotations:
D:2 1 runed translucent door, Crazy Yiuf
D:5 2 transporters, qw's ghost, weakling GrDe


Message History

A hornet comes into view.
Found a stone staircase leading up.
The hornet buzzes angrily.
Enter note: You slice the hornet!!
The hornet is heavily wounded.
The hornet stings you.
You miss the hornet.
The hornet is heavily wounded.
The hornet stings you!
The hornet stings you but does no damage.
You miss the hornet.
The hornet is heavily wounded.
The hornet closely misses you. You block the hornet's attack.
You slash the hornet!
The hornet is severely wounded.
The hornet barely misses you. The hornet stings you.
You miss the hornet.
The hornet is severely wounded.
The hornet stings you.
You miss the hornet.
The hornet is severely wounded.
The hornet stings you but does no damage.
The hornet barely misses you.
You barely miss the hornet.
The hornet is severely wounded.
The hornet barely misses you. x2
You closely miss the hornet.
The hornet is severely wounded.
The hornet stings you.
You hit the hornet.
The hornet is severely wounded.
You block the hornet's attack. The hornet stings you.
You hit the hornet.
The hornet is almost dead.
You block the hornet's attack. The hornet stings you!
You hit the hornet but do no damage.
The hornet is almost dead.
The hornet stings you! The hornet stings you.
You die...

## ##.# . ##...###
.# ##...)..###
##.### #.........
...... <........
.....#
#......y####.....#
#.....@..)......#
##....###..^....#
##.#.###.....#.###
#. #.........#....
..# #
#.###......... #.#
#.###.....##..# #.#
#.............. #.#
#######.######..#.#
#.........#.#


You could see a hornet.

Vanquished Creatures
  2 water moccasins
  2 ice beasts (D:5)
  An ogre (D:5)
  2 phantoms
  2 scorpions
  4 wights
  A jelly (D:5)
  2 hounds
  An orc priest (D:5)
  Jessica (D:3)
  Terence (D:2)
  9 adders
  A shadow imp (D:6)
  A white imp (D:4)
  An ufetubus (D:4)
  A worm (D:4)
  4 dart slugs
  8 orcs
  5 bats
  10 endoplasms
  6 giant cockroaches
  8 goblins
  11 hobgoblins
  A jackal (D:4)
  8 kobolds
  A quokka (D:4)
  2 ball pythons (D:1)
  7 frilled lizards
  9 rats
112 creatures vanquished.

Vanquished Creatures (others)
  2 fungi (D:2)
  18 plants (D:5)
20 creatures vanquished.

Grand Total: 132 creatures vanquished

Notes
Turn   | Place    | Note
-------+----------+-------------------------------------------
     0 | D:1      | qw the Gargoyle Fighter began the quest for the Orb.
     0 | D:1      | Reached XP level 1. HP: 14/14 MP: 1/1
     0 | D:1      | 0 ||| qw: Version: 0.1-a-119-g272c26d
     0 | D:1      | 0 ||| qw: Game counter: 10772
     0 | D:1      | 0 ||| qw: Always use a shield: true
     0 | D:1      | 0 ||| qw: God list: Okawaru
     0 | D:1      | 0 ||| qw: Allow faded altars: false
     0 | D:1      | 0 ||| qw: Do Orc after D:15 true
     0 | D:1      | 0 ||| qw: Do second Lair branch before Depths: true
     0 | D:1      | 0 ||| qw: Lair rune preference: random
     0 | D:1      | 0 ||| qw: Plans: Normal, Zot, God:TSO, Crypt, Tomb, Pan,
                  | Slime, Hells, Zig, Abyss, Orb
     0 | D:1      | 0 ||| PLANNING D:1-11
    21 | D:1      | 21 ||| Stepping ~*~*~tactically~*~*~ (stealth).
    28 | D:1      | Reached skill level 2 in Axes
   133 | D:1      | Reached XP level 2. HP: 19/19 MP: 2/2
   171 | D:1      | 171 ||| Stepping ~*~*~tactically~*~*~ (stealth).
   172 | D:1      | 172 ||| Stepping ~*~*~tactically~*~*~ (stealth).
   339 | D:1      | 339 ||| Stepping ~*~*~tactically~*~*~ (stealth).
   409 | D:1      | 409 ||| Stepping ~*~*~tactically~*~*~ (stealth).
   410 | D:1      | 410 ||| Stepping ~*~*~tactically~*~*~ (stealth).
   411 | D:1      | 411 ||| Stepping ~*~*~tactically~*~*~ (stealth).
   449 | D:1      | Found a faded altar of an unknown god.
   520 | D:1      | Reached skill level 3 in Axes
   563 | D:1      | Reached XP level 3. HP: 20/23 MP: 3/3
   612 | D:1      | 612 ||| Stepping ~*~*~tactically~*~*~ (stealth).
   849 | D:1      | 849 ||| UPGRADING to +0 helmet.
   854 | D:1      | 854 ||| DROPPING amulet of magic regeneration.
   855 | D:1      | 855 ||| READING scroll labelled SAWA NASTUJYMA.
   856 | D:1      | 856 ||| READING scroll labelled FENGEO HAPU.
   857 | D:1      | 857 ||| DRINKING 3 blue potions.
   943 | D:2      | 943 ||| Stepping ~*~*~tactically~*~*~ (stealth).
   944 | D:2      | 944 ||| Stepping ~*~*~tactically~*~*~ (stealth).
   956 | D:2      | 956 ||| FLEEEEING.
   957 | D:2      | 957 ||| FLEEEEING.
  1012 | D:2      | Noticed Terence
  1013 | D:2      | 1013 ||| Stepping ~*~*~tactically~*~*~ (stealth).
  1024 | D:2      | Killed Terence
  1054 | D:2      | 1054 ||| Stepping ~*~*~tactically~*~*~ (stealth).
  1055 | D:2      | 1055 ||| Stepping ~*~*~tactically~*~*~ (stealth).
  1059 | D:2      | 1059 ||| FLEEEEING.
  1060 | D:2      | 1060 ||| FLEEEEING.
  1061 | D:2      | 1061 ||| FLEEEEING.
  1062 | D:2      | 1062 ||| FLEEEEING.
  1067 | D:2      | 1067 ||| FLEEEEING.
  1068 | D:2      | 1068 ||| FLEEEEING.
  1069 | D:2      | 1069 ||| FLEEEEING.
  1070 | D:2      | 1070 ||| FLEEEEING.
  1071 | D:2      | 1071 ||| FLEEEEING.
  1072 | D:2      | 1072 ||| FLEEEEING.
  1073 | D:2      | 1073 ||| FLEEEEING.
  1076 | D:2      | 1076 ||| STAIRDANCE
  1117 | D:2      | Reached XP level 4. HP: 28/28 MP: 4/4
  1124 | D:2      | Found a stormy altar of Qazlal.
  1154 | D:2      | 1154 ||| Stepping ~*~*~tactically~*~*~ (stealth).
  1155 | D:2      | 1155 ||| Stepping ~*~*~tactically~*~*~ (stealth).
  1156 | D:2      | 1156 ||| Stepping ~*~*~tactically~*~*~ (stealth).
  1162 | D:2      | 1162 ||| Stepping ~*~*~tactically~*~*~ (stealth).
  1164 | D:2      | 1164 ||| Stepping ~*~*~tactically~*~*~ (stealth).
  1210 | D:2      | Reached skill level 4 in Axes
  1812 | D:2      | Found a runed translucent door.
  1813 | D:2      | Noticed Crazy Yiuf
  1836 | D:2      | 1836 ||| Stepping ~*~*~tactically~*~*~ (stealth).
  1962 | D:2      | 1962 ||| DROPPING orb of light.
  1963 | D:2      | 1963 ||| READING 2 scrolls labelled TIP DIATHEVUE.
  1964 | D:2      | 1964 ||| READING scroll labelled JIH QOLUUCZOZOTE.
  2022 | D:2      | 2022 ||| DRINKING 2 silvery potions.
  2023 | D:2      | 2023 ||| DROPPING scroll of amnesia.
  2024 | D:2      | 2024 ||| DROPPING potion of degeneration.
  2088 | D:3      | Noticed Jessica
  2092 | D:3      | Killed Jessica
  2093 | D:3      | Reached XP level 5. HP: 32/32 MP: 5/5
  2119 | D:3      | 2119 ||| Stepping ~*~*~tactically~*~*~ (stealth).
  2120 | D:3      | 2120 ||| Stepping ~*~*~tactically~*~*~ (stealth).
  2253 | D:3      | 2253 ||| Stepping ~*~*~tactically~*~*~ (stealth).
  2541 | D:3      | 2541 ||| Stepping ~*~*~tactically~*~*~ (stealth).
  2542 | D:3      | 2542 ||| Stepping ~*~*~tactically~*~*~ (stealth).
  2663 | D:3      | Reached skill level 5 in Axes
  2934 | D:3      | 2934 ||| UPGRADING to ring of protection from cold.
  2935 | D:3      | 2935 ||| READING 2 scrolls labelled ACZUEF YRPHE.
  2936 | D:3      | 2936 ||| DRINKING 2 golden potions.
  2937 | D:3      | 2937 ||| DRINKING 2 lumpy orange potions.
  2938 | D:3      | 2938 ||| DROPPING scroll of fear.
  2939 | D:3      | 2939 ||| DROPPING potion of brilliance.
  2976 | D:4      | 2976 ||| STAIRDANCE
  3002 | D:4      | 3002 ||| Stepping ~*~*~tactically~*~*~ (stealth).
  3003 | D:4      | 3003 ||| Stepping ~*~*~tactically~*~*~ (stealth).
  3004 | D:4      | 3004 ||| Stepping ~*~*~tactically~*~*~ (stealth).
  3011 | D:4      | Reached XP level 6. HP: 26/39 MP: 6/6
  3020 | D:4      | 3020 ||| FLEEEEING.
  3021 | D:4      | 3021 ||| FLEEEEING.
  3022 | D:4      | 3022 ||| FLEEEEING.
  3024 | D:4      | 3024 ||| STAIRDANCE
  3036 | D:3      | HP: 3/39 [wight/+3 falchion (10)]
  3315 | D:4      | 3315 ||| STAIRDANCE
  3728 | D:4      | 3728 ||| FLEEEEING.
  3729 | D:4      | 3729 ||| FLEEEEING.
  3730 | D:4      | 3730 ||| FLEEEEING.
  3731 | D:4      | 3731 ||| FLEEEEING.
  3732 | D:4      | 3732 ||| FLEEEEING.
  3733 | D:4      | 3733 ||| FLEEEEING.
  3755 | D:4      | Reached skill level 1 in Dodging
  3755 | D:4      | Reached XP level 7. HP: 35/44 MP: 7/7
  3818 | D:4      | 3818 ||| DROPPING +0 mace.
  3911 | D:4      | Found a blossoming altar of Fedhas.
  3915 | D:4      | 3915 ||| Stepping ~*~*~tactically~*~*~ (hiding).
  3920 | D:4      | Reached skill level 6 in Axes
  4081 | D:4      | Found a hide-covered altar of Uskayaw.
  4198 | D:4      | Identified the +1 leather armour of Happiness {Rampage
                  | rCorr}
  4443 | D:4      | 4443 ||| READING scroll labelled XIZANGICKU.
  4444 | D:4      | 4444 ||| READING 2 scrolls labelled JOMAUN HEHE.
  4445 | D:4      | 4445 ||| READING scroll of enchant weapon.
  4445 | D:4      | 4445 ||| ENCHANTING +1 war axe.
  4446 | D:4      | 4446 ||| READING scroll labelled RAONGUGASS.
  4447 | D:4      | 4447 ||| READING scroll labelled ENGIORPH JYLI.
  4465 | D:5      | Entered Level 5 of the Dungeon
  4520 | D:5      | 4520 ||| FLEEEEING.
  4521 | D:5      | 4521 ||| STAIRDANCE
  4737 | D:5      | 4737 ||| Stepping ~*~*~tactically~*~*~ (stealth).
  4769 | D:5      | 4769 ||| Stepping ~*~*~tactically~*~*~ (stealth).
  4772 | D:5      | 4772 ||| Stepping ~*~*~tactically~*~*~ (stealth).
  4785 | D:5      | 4785 ||| FLEEEEING.
  5048 | D:5      | Reached skill level 7 in Axes
  5335 | D:5      | Found a hazy altar of Hepliaklqana.
  5359 | D:5      | Reached XP level 8. HP: 49/49 MP: 8/8
  5368 | D:5      | Found a staircase to the Ecumenical Temple.
  5369 | D:5      | 5369 ||| PLANNING TEMPLE
  5369 | D:5      | 5369 ||| UPGRADING to +0 chain mail.
  5379 | D:5      | 5379 ||| DROPPING +0 scale mail.
  5380 | D:5      | 5380 ||| DRINKING 2 lumpy blue potions.
  5381 | D:5      | 5381 ||| DRINKING 2 glowing red potions.
  5430 | D:5      | 5430 ||| DROPPING potion of magic.
  5437 | Temple   | Entered the Ecumenical Temple
  5466 | Temple   | 5466 ||| PLANNING D:1-11
  5467 | Temple   | Became a worshipper of Warmaster Okawaru
  5556 | D:5      | Found a transporter.
  5559 | D:5      | Noticed qw's ghost (weakling GrDe)
  5580 | D:5      | Noticed a hornet
  5587 | D:5      | 5587 ||| Stepping ~*~*~tactically~*~*~ (stealth).
  5588 | D:5      | 5588 ||| Stepping ~*~*~tactically~*~*~ (stealth).
  5727 | D:5      | Found a transporter.
  5825 | D:5      | Reached skill level 8 in Axes
  5934 | D:5      | Found a glowing golden altar of the Shining One.
  5938 | D:5      | Found an opulent altar of Gozag.
  5943 | D:5      | Found a stormy altar of Qazlal.
  5959 | D:5      | 5959 ||| DROPPING potion of ambrosia.
  6011 | D:6      | Reached skill level 6 in Fighting
  6158 | D:6      | Noticed a hornet
  6169 | D:6      | HP: 3/51 [hornet (13)]
  6169 | D:6      | Slain by a hornet

Levels and vault maps discovered:
D:1:      elethiomel_arrival_quiet, layout_rooms,
          hellmonk_ecumenical_altar_zigzags, minmay_misc_feat_four_crosses
D:2:      layout_basic, basic_altar, uniq_crazy_yiuf_cottage, uniq_terence
D:3:      layout_loops_ring, grunt_ministairs_11, kennysheep_pointless_box,
          minmay_misc_feat_alley, uniq_jessica
D:4:      minmay_evil_eye, layout_rooms, overflow_temple_1_default,
          marbit_many_paths
D:5:      layout_basic, grunt_temple_overflow_diamond,
          nicolae_hepliaklqana_hazy_memory, minmay_temple_entry_steel_oval,
          gammafunk_ghost_hive
D:6:      layout_loops_ring, mainiacjoe_overflow_tiny_flanked
Temple:   corrupted_temple

Skill      XL: |  1  2  3  4  5  6  7  8 |
---------------+-------------------------+-----
Axes           | 2 3 4 5 7 8 |  8.0
Fighting       | 4 5 6 |  6.2
Dodging        | 1 |  1.2
Armour         | |  3.6
Shields        | |  3.2

Action                   |  1- 3 |  4- 6 |  7- 9 || total
-------------------------+-------+-------+-------++-------
Melee: War axe           |    72 |   201 |   124 ||   397
  Use: Scroll            |     2 |     3 |     5 ||    10
       Potion            |     1 |     3 |     2 ||     6
Armor: Scale mail        |    34 |   108 |    30 ||   172
       Chain mail        |       |       |    20 ||    20
Dodge: Dodged            |    29 |    87 |    38 ||   154
Block: Buckler           |    11 |    36 |    15 ||    62

Table legend:
 A = Non-vault XP
 B = Vault XP
 C = Vault XP percentage of total XP
 D = Non-vault monster count
 E = Vault monster count
 F = Vault count percentage of total count
                 A         B        C        D         E       F
            +---------+---------+-------+---------+---------+-------
      Total |    1776 |      98 |   5.2 |     104 |       8 |   7.1
            +---------+---------+-------+---------+---------+-------
        D:1 |      36 |       0 |   0.0 |      22 |       0 |   0.0
        D:2 |      81 |      36 |  30.8 |      28 |       1 |   3.4
        D:3 |     195 |      52 |  21.1 |      19 |       3 |  13.6
        D:4 |     284 |      10 |   3.4 |      13 |       4 |  23.5
        D:5 |     877 |       0 |   0.0 |      17 |       0 |   0.0
        D:6 |     303 |       0 |   0.0 |       5 |       0 |   0.0
            +---------+---------+-------+---------+---------+-------
